 Dungeon Crawl Stone Soup version bcrawl-1.27.8b (webtiles) character file.

Game seed: 9084569471620262062

226066 LostNumber the Sneak (level 7, 0/41 HPs)
             Began as a Vine Stalker Archaeologist on Nov 7, 2020.
             Was a Follower of Nemelex Xobeh.
             Killed by divine providence
             ... invoked by an orc priest
              (11 damage)
             ... on level 3 of the Dungeon.
             The game lasted 00:09:16 (3594 turns).

LostNumber the Sneak (Vine Stalker Archaeologist)   Turns: 3594, Time: 00:09:17

Health: 0/41       AC:  6    Str: 13    XL:     7   Next: 58%
Magic:  8/8        EV: 14    Int: 14    God:    Nemelex Xobeh [*.....]
Gold:   282        SH:  0    Dex: 13    Spells: 6/6 levels left

rFire    + + .     SeeInvis .   z - +3 dagger
rCold    + . .     Gourm    .   (no shield)
rNeg     . . .     Faith    .   b - +1 robe
rPois    .         Spirit   .   c - +1 hat
rElec    .         Reflect  .   (no cloak)
rCorr    +         Harm     .   (no gloves)
MR       .....                  d - +1 pair of boots
Stlth    +++.......             q - amulet of the acrobat
HPRegen  0.53/turn              f - ring "Woiklef" {+Fly rF++ rC+ rCorr Str-2}
MPRegen  0.11/turn              (no ring)

@: no status effects
A: fangs 3, regeneration 1, no potion heal 3, rot immunity, strong jaws
a: Draw Escape, Draw Destruction, Draw Summoning, Renounce Religion, Evoke
Flight


You were on level 3 of the Dungeon.
You worshipped Nemelex Xobeh.
Nemelex Xobeh was aware of your devotion.
You were hungry.

You visited 1 branch of the dungeon, and saw 4 of its levels.

You collected 282 gold pieces.

Inventory:

Hand Weapons
 a - a +0 whip
 k - a +0 dagger
   (You took it off a goblin on level 1 of the Dungeon)
 z - a +3 dagger (weapon)
   (You took it off an orc wizard on level 4 of the Dungeon)
Armour
 b - a +1 robe (worn)
 c - a +1 hat (worn)
 d - a +1 pair of boots (worn)
 t - the +3 medium shield of Midsummer {-Tele rN++}
   (You found it on level 4 of the Dungeon)

   It greatly protects you from negative energy.
   It prevents most forms of teleportation.
Jewellery
 f - the ring "Woiklef" (left hand) {+Fly rF++ rC+ rCorr Str-2}
   (You acquired it on level 3 of the Dungeon)

   [ring of resist corrosion]

   It affects your strength (-2).
   It greatly protects you from fire.
   It protects you from cold.
   It lets you fly.
   It provides partial protection from all sources of acid and corrosion.
 q - an amulet of the acrobat (around neck)
   (You found it on level 2 of the Dungeon)
Scrolls
 g - a scroll of magic mapping
 h - a scroll of immolation {unknown}
 i - a scroll of teleportation {unknown}
 l - a scroll of fear {unknown}
 p - 3 scrolls of remove curse {unknown}
 r - a scroll of enchant armour {unknown}
 y - a scroll of amnesia {unknown}
Potions
 j - a potion of haste {@q3}
 m - a potion of ambrosia
 n - 2 potions of curing {@q1}
 o - a potion of mutation {!q}
 s - a potion of flight
 u - a potion of invisibility
 v - a potion of agility
Comestibles
 e - 4 rations {!d!d}
 w - 6 chunks of flesh


   Skills:
 + Level 3.3 Fighting
 * Level 4.1 Short Blades
 - Level 0.8 Maces & Flails
 + Level 4.6 Dodging
 + Level 6.7 Stealth
 + Level 0.6 Shields


You had 6 spell levels left.
You didn't know any spells.
Your spell library was empty.

Dungeon Overview and Level Annotations

Branches:
Dungeon (4/12)
 Temple: D:4-7

Altars:
Nemelex Xobeh

Shops:
D:4 *

Annotations:
D:4 1 transporter


Innate Abilities, Weirdness & Mutations

You have razor-sharp teeth.
Your natural rate of healing is unusually fast.
Potions cannot restore your health.
You are immune to rotting.
Your bites deal extra damage.


Message History

You barely miss the orc. Your bite misses the orc.
The giant cockroach bites you but does no damage.
The orc hits you but does no damage.
You completely miss the orc. The giant cockroach closely misses you.
The orc barely misses you.
A dart slug comes into view.
You closely miss the orc. Your bite misses the orc.
The giant cockroach bites you.
You hit the orc.
You are feeling hungry.
The orc misses you.
The giant cockroach completely misses you.
The orc priest hits you but does no damage.
Unknown command.
The orc throws a stone.
The stone hits you but does no damage. The giant cockroach misses you.
The orc throws a stone.
The stone completely misses you.
There is a stone staircase leading down here.
You hit the giant cockroach but do no damage.
Your bite misses the giant cockroach.
The giant cockroach bites you but does no damage.
You hit the giant cockroach. The giant cockroach barely misses you.
You hit the giant cockroach.
You kill the giant cockroach!
The orc completely misses you. The orc hits you with a +0 war axe.
You hit the orc.
You kill the orc!
The orc barely misses you.
You hit the orc priest but do no damage.
The orc priest misses you. The orc closely misses you.
You hit the orc priest but do no damage.
The orc priest invokes the aid of Beogh against you.
Pain shoots through your body!
You hit the orc priest but do no damage.
The orc barely misses you.
You hit the orc priest. The orc misses you. The orc priest misses you.
You hit the orc priest. Your bite misses the orc priest.
The orc hits you with a +0 club!
You hit the orc priest.
The orc priest hits you but does no damage.
You hit the orc priest but do no damage.
The orc misses you.
The orc priest calls down the wrath of Beogh upon you.
Beogh smites you!
* * * LOW HITPOINT WARNING * * *
There is a stone staircase leading down here.
The orc priest calls down the wrath of Beogh upon you.
Beogh smites you!
You die...
Your body disappears without a glow.

#........# #
##.#......#
#.
#.###.##.##
##.#
##)#..##.#
#.# #..#.##.#
##.#
#.......# ..
###...### #.#
##.## #..
#@### ######.
#.#
#o#.##.......
...
#.o#.#o......
## #.#..o...#
#....#..#...#
#.....w..# .
#...#.###..
#.#...# #.'
#.....# .w..


You could see an orc priest, a dart slug and an orc.

Vanquished Creatures
  2 ogres
  3 howler monkeys (D:4)
  A crimson imp (D:4)
  An orc priest (D:4)
  A centaur skeleton (D:3)
  An iguana (D:4)
  Terence (D:2)
  3 orc wizards (D:4)
  3 worker ants (D:4)
  2 adders
  4 worms
  2 dart slugs (D:1)
  4 leopard geckos
  5 orcs
  6 bats
  4 giant cockroaches
  7 goblins
  10 hobgoblins
  4 jackals (D:4)
  3 quokkas
  A ball python (D:2)
  4 frilled lizards
  2 kobolds
  5 rats (D:1)
79 creatures vanquished.

Notes
Turn   | Place    | Note
-------+----------+-------------------------------------------
     0 | D:1      | LostNumber the Vine Stalker Archaeologist began the quest
                  | for the Orb.
     0 | D:1      | Reached XP level 1. HP: 11/11 MP: 2/2
    25 | D:1      | Reached skill level 1 in Fighting
   200 | D:1      | Reached XP level 2. HP: 16/16 MP: 3/3
   833 | D:1      | Reached XP level 3. HP: 20/20 MP: 4/4
  1179 | D:2      | Reached skill level 1 in Short Blades
  1301 | D:2      | Reached skill level 5 in Stealth
  1378 | D:2      | Noticed Terence
  1429 | D:2      | Killed Terence
  1429 | D:2      | Reached XP level 4. HP: 26/26 MP: 5/5
  1910 | D:3      | Noticed an ogre
  1995 | D:3      | Reached XP level 5. HP: 30/30 MP: 6/6
  1995 | D:3      | Identified a scroll of acquirement
  1996 | D:3      | Identified the ring "Woiklef" {+Fly rF++ rC+ rCorr Str-2}
                  | (You acquired it on level 3 of the Dungeon)
  2202 | D:4      | Found a sparkling altar of Nemelex Xobeh.
  2202 | D:4      | Found a transporter.
  2284 | D:4      | Became a worshipper of Nemelex Xobeh the Trickster
  2432 | D:4      | Received a gift from Nemelex Xobeh
  2460 | D:4      | Gained mutation: You have razor-sharp teeth. [Vine Stalker
                  | growth]
  2460 | D:4      | Reached XP level 6. HP: 17/36 MP: 7/7
  2625 | D:4      | Found Qiruch's General Store.
  2807 | D:4      | Reached skill level 6 in Stealth
  2865 | D:4      | Got a faintly humming medium shield
  2960 | D:4      | Reached XP level 7. HP: 19/41 MP: 8/8
  3431 | D:4      | Reached * piety under Nemelex Xobeh
  3441 | D:4      | Identified the +3 medium shield of Midsummer {-Tele rN++}
                  | (You found it on level 4 of the Dungeon)
  3594 | D:3      | Killed from afar by an orc priest

Skill      XL: |  1  2  3  4  5  6  7 |
---------------+----------------------+-----
Fighting       | 1 2 3 |  3.3
Short Blades   | 1 2 3 4 |  4.1
Stealth        | 5 6 |  6.7
Dodging        | 4 |  4.6
Maces & Flails | |  0.8
Shields        | |  0.6

Action                   |  1- 3 |  4- 6 |  7- 9 || total
-------------------------+-------+-------+-------++-------
Melee: Whip              |    23 |       |       ||    23
       Bite              |    12 |    35 |    14 ||    61
       Dagger            |   160 |   305 |   129 ||   594
 Abil: Draw Destruction  |       |     3 |     1 ||     4
       Draw Summoning    |       |     1 |       ||     1
  Use: Scroll            |     4 |     4 |     2 ||    10
       Potion            |     1 |       |       ||     1
 Stab: Sleeping          |     8 |     5 |       ||    13
  Eat: Chunk             |     5 |     9 |     4 ||    18
       Ration            |       |     1 |       ||     1
Armor: Robe              |    44 |    73 |    21 ||   138
       Skin              |    20 |       |       ||    20
Dodge: Dodged            |   111 |   213 |    65 ||   389
